 Dungeon Crawl Stone Soup version 0.23.2-1-ga50397a6bc (webtiles) character file.

Game seed: 4639506823951601473

45 Hanswurst the Chopper (level 3, -2/31 HPs)
             Began as a Hill Orc Warper on May 15, 2019.
             Killed by nerve-wracking pain
             ... invoked by a shadow imp
              (8 damage)
             ... on level 2 of the Dungeon.
             The game lasted 00:05:36 (1431 turns).

Hanswurst the Chopper (Hill Orc Warper)             Turns: 1431, Time: 00:05:36

Health: -2/31      AC:  8    Str: 13    XL:     3   Next: 64%
Magic:  5/5        EV:  6    Int: 13    God:
Gold:   51         SH:  0    Dex: 11    Spells: 5/5 levels left

rFire    . . .     SeeInvis .   a - +0 hand axe
rCold    . . .     Gourm    .   (no shield)
rNeg     . . .     Faith    +   i - +0 chain mail
rPois    .         Spirit   .   (no helmet)
rElec    .         Reflect  .   (no cloak)
rCorr    .         Harm     .   (no gloves)
MR       .....                  (no boots)
Stlth    ..........             l - amulet of faith
HPRegen  0.10/turn              (no ring)
MPRegen  0.09/turn              (no ring)

@: no status effects
A: no striking features
a: no special abilities


You were on level 2 of the Dungeon.
You were hungry.

You visited 1 branch of the dungeon, and saw 2 of its levels.

You collected 51 gold pieces.

Inventory:

Hand Weapons
 a - a +0 hand axe (weapon)
 c - a +0 spear
Missiles
 e - 5 tomahawks of dispersal (quivered)
Armour
 b - a +0 leather armour
 i - a +0 chain mail (worn)
Jewellery
 l - an amulet of faith (around neck)
 r - an uncursed amulet of faith
Scrolls
 d - a scroll of blinking
 h - 2 scrolls of teleportation {unknown}
 j - a scroll of immolation {unknown}
 k - a scroll of magic mapping {unknown}
 m - a scroll of fear {unknown}
 n - a scroll of identify {unknown}
 p - a scroll of noise {unknown}
Potions
 o - a potion of might {unknown}
Comestibles
 f - 3 rations


   Skills:
 + Level 3.1 Fighting
 + Level 3.8 Axes
 + Level 0.8 Throwing
 + Level 1.5 Armour
 + Level 1.7 Dodging
 + Level 1.9 Spellcasting
   Level 2.4 Translocations


You had 5 spell levels left.
You didn't know any spells.
Your spell library contained the following spells:

 Spells                   Type           Power        Failure   Level  Hunger
 Blink                    Tloc           N/A          99%         2    ###....
 Shroud of Golubria       Chrm/Tloc      #.........   100%        2    ###....
 Gell's Gravitas          Tloc           #.........   100%        3    ####...
 Lesser Beckoning         Tloc           #.........   100%        3    ####...
 Teleport Other           Tloc           #.......     100%        3    ####...
 Passage of Golubria      Tloc           N/A          100%        4    #####..


Dungeon Overview and Level Annotations

Branches:
Dungeon (2/15)

Altars:
Elyvilon


Message History

The shadow imp hits you but does no damage.
The quokka bites you.
You hit the shadow imp.
The shadow imp is moderately wounded.
You hit the quokka. The shadow imp hits you. The quokka bites you.
You are too injured to fight recklessly!
You are too injured to fight recklessly!
The shadow imp hits you but does no damage.
There is an open door here.
There is an open door here.
You closely miss the shadow imp.
The shadow imp is lightly wounded.
The shadow imp hits you.
The shadow imp lashes its tail.
The shadow imp gestures at you. Pain shoots through your body!
* * * LOW HITPOINT WARNING * * *
The shadow imp gestures at you. Pain shoots through your body!
You die...

##.## #....# #.# #..#
#....# #.. ##.# #....#
### #.# #.#### #.## #.#
#..# #.# ......## ##.#
#.# .......
####'######.# .....#
#...@....##.# . ....#
#........##.# ..
...###...r....##.#
#.###...##..5.....##.#
#....K..##.K......##.#
#†...##........##.#
#.†#'###........##.#
#[...#K..'........##.#
#.#..#####........##.##


You could see a shadow imp, a quokka and a kobold.

Vanquished Creatures
  An adder (D:2)
  2 worms (D:2)
  2 leopard geckos
  4 giant cockroaches
  3 goblins
  4 hobgoblins
  A quokka (D:2)
  4 bats
  A frilled lizard (D:2)
  2 kobolds (D:1)
  2 rats
26 creatures vanquished.

Notes
Turn   | Place    | Note
-------+----------+-------------------------------------------
     0 | D:1      | Hanswurst the Hill Orc Warper began the quest for the Orb.
     0 | D:1      | Reached XP level 1. HP: 18/18 MP: 3/3
     6 | D:1      | Noticed a water moccasin
     7 | D:1      | Noticed a wyvern
   313 | D:1      | Reached XP level 2. HP: 23/25 MP: 4/4
   932 | D:2      | Reached XP level 3. HP: 27/31 MP: 5/5
   956 | D:2      | Found a white marble altar of Elyvilon.
  1431 | D:2      | Killed from afar by a shadow imp

Skill      XL: |  1  2 |
---------------+-------+-----
Axes           | 3 |  3.8
Fighting       | 3 |  3.1
Throwing       | |  0.8
Armour         | |  1.5
Dodging        | |  1.7
Spellcasting   | |  1.9
Translocations | |  2.4

Action                   || total
-------------------------++-------
Melee: Hand axe          ||   122
  Use: Potion            ||     1
  Eat: Chunk             ||     1
Armor: Chain mail        ||    70
Dodge: Dodged            ||    41
